 Dungeon Crawl Stone Soup version 0.17.0-24-gcfadda4 (console) character file.

228 gw the Chucker (level 5, -8/41 HPs)
             Began as a Demonspawn Hunter on Nov 16, 2015.
             Mangled by Menkaure (22 damage)
             ... on level 4 of the Dungeon.
             The game lasted 00:01:52 (3301 turns).

gw the Chucker (Demonspawn Hunter)                  Turns: 3301, Time: 00:01:52

Health: -8/41      AC:  6    Str: 10 (11) XL:     5   Next: 70%
Magic:  5/5        EV: 10    Int: 12      God:
Gold:   174        SH:  0    Dex: 15      Spells: 0 memorised, 4 levels left

rFire  . . .     SeeInvis .     c - +0 short sword
rCold  . . .     Clarity  .     s - +0 ring mail
rNeg   . . .     SustAt   .     (no shield)
rPois  .         Gourm    .     (no helmet)
rElec  .         Spirit   .     (no cloak)
rCorr  .         Warding  .     (no gloves)
rMut   .         Stasis   .     (no boots)
MR     .....                    (no amulet)
Stlth  +.........               (no ring)
                                m - -3 ring of strength (curse)

@: not resistant to hostile enchantments, very unstealthy
A: hooves 1, icy blue scales 1, mutation resistance 1, screaming 1, spiny 1,
strong 1
a: no special abilities


You were on level 4 of the Dungeon.
You were not hungry.

You visited 1 branch of the dungeon, and saw 4 of its levels.

You collected 174 gold pieces.

Inventory:

Hand Weapons
 c - a +0 short sword (weapon)
Missiles
 b - 2 throwing nets
 g - 11 poisoned needles
 j - 32 stones (quivered)
Armour
 s - a +0 ring mail (worn)
Jewellery
 m - a cursed -3 ring of strength (left hand)
Scrolls
 f - 4 scrolls of identify
 h - 2 scrolls of enchant armour
Potions
 i - 2 potions of haste {unknown}
 n - 3 potions of curing
 o - a potion of lignification {unknown}
Comestibles
 a - 6 fruits
 e - 2 bread rations
 k - a slice of pizza
 p - 2 meat rations


   Skills:
 + Level 3.4 Fighting
 * Level 5.3 Throwing
 + Level 2.0 Armour
 - Level 1.7 Dodging
 - Level 0.8 Stealth


You had 4 spell levels left.
You didn't know any spells.

Dungeon Overview and Level Annotations

Branches:
Dungeon (4/15)
 Temple: D:4-7

Altars:
Ashenzari
Cheibriados
Fedhas

Annotations:
D:4 Menkaure


Innate Abilities, Weirdness & Mutations

You have large cloven feet.
You are partially covered in icy blue scales (AC +1).
You are partially covered in sharp spines.
You are somewhat resistant to further mutation.
You occasionally shout uncontrollably at your foes.
Your muscles are strong. (Str +2)


Message History

Menkaure closely misses you.
ATTACK MOVE TO (-1,0)
You hit Menkaure but do no damage. You kick Menkaure, but do no damage.
Menkaure is severely damaged.
Menkaure closely misses you. Menkaure barely misses you.
ATTACK MOVE TO (-1,0)
You hit Menkaure. Your kick misses Menkaure.
Menkaure is almost destroyed.
Menkaure hits you.
ATTACK MOVE TO (-1,0)
You hit Menkaure but do no damage.
Menkaure is almost destroyed.
Menkaure hits you.
ATTACK MOVE TO (-1,0)
You closely miss Menkaure. Your kick misses Menkaure.
Menkaure is almost destroyed.
Menkaure is struck by your spines. Menkaure closely misses you.
Menkaure hits you!!
Ouch! That really hurt!
You die...

## #.# #########
#....!......
#.#######.. ##
#......... # #.#
##.######. #.
#.## ##.## #.
.###..####.###.##
#.
..(..(M6....#.##
#.
....?.(......##
#. .###(.########
#. .(.(. #. ..(..
#. ..... #. ...#
#. ... ####.
#....


You could see Menkaure.

Table legend:
 A = Turns spent in this place as a percentage of turns spent in the entire game.
 B = Non-inter-level travel turns spent in this place as a percentage of non-inter-level travel turns spent in the entire game.
 C = Inter-level travel turns spent in this place as a percentage of turns spent in this place.
 D = Turns resting spent in this place as a percentage of non-inter-level travel turns spent in this place.
 E = Turns spent auto-exploring this place as a percentage of non-inter-level travel turns spent in this place.
 F = Non-inter-level travel turns spent in this place divided by the number of levels of this place that you've seen.
                   A       B       C       D       E      F
               +-------+-------+-------+-------+-------+----------------------
         Total | 100.0 | 100.0 |   0.5 |   0.7 |   3.2 | 1042.2
       Dungeon | 100.0 | 100.0 |   0.5 |   0.7 |   3.2 | 1042.2
               +-------+-------+-------+-------+-------+----------------------

Table legend:
 A = Kills in this place as a percentage of kills in entire the game.
 B = Kills by you in this place as a percentage of kills by you in the entire game.
 C = Kills by friends in this place as a percentage of kills by friends in the entire game.
 D = Other kills in this place as a percentage of other kills in the entire game.
 E = Experience gained in this place as a percentage of experience gained in the entire game.
 F = Experience gained in this place divided by the number of levels of this place that you have seen.
                   A       B       C       D       E      F
               +-------+-------+-------+-------+-------+----------------------
         Total | 100.0 | 100.0 |  -nan |  -nan | 100.0 |  81.5
       Dungeon | 100.0 | 100.0 |  -nan |  -nan | 100.0 |  81.5
               +-------+-------+-------+-------+-------+----------------------

Vanquished Creatures
  Ijyb (D:3)
  Jessica (D:3)
  2 worker ants (D:4)
  5 adders
  An adder skeleton (D:4)
  4 worms
  3 giant geckos
  2 ball pythons
  8 bats
  3 giant cockroaches
  5 goblins
  3 hobgoblins
  10 jackals
  3 quokkas
  2 ball python skeletons (D:4)
  4 giant newts
  9 kobolds
  7 rats
73 creatures vanquished.

Notes
Turn   | Place    | Note
--------------------------------------------------------------
     0 | D:1      | gw the Demonspawn Hunter began the quest for the Orb.
     0 | D:1      | Reached XP level 1. HP: 16/16 MP: 1/1
   217 | D:1      | Gained mutation: You are partially covered in icy blue scales (AC +1). [demonic ancestry]
   217 | D:1      | Reached XP level 2. HP: 19/22 MP: 2/2
   485 | D:1      | Reached skill level 4 in Throwing
   972 | D:2      | Reached skill level 1 in Armour
  1181 | D:2      | Gained mutation: You are partially covered in sharp spines. [demonic ancestry]
  1181 | D:2      | Reached XP level 3. HP: 27/27 MP: 3/3
  1341 | D:2      | Found a shattered altar of Ashenzari.
  1355 | D:2      | Found a snail-covered altar of Cheibriados.
  2311 | D:3      | Noticed Ijyb
  2323 | D:3      | Killed Ijyb
  2323 | D:3      | Gained mutation: You have large cloven feet. [demonic ancestry]
  2323 | D:3      | Reached XP level 4. HP: 34/34 MP: 4/4
  2409 | D:3      | Noticed Jessica
  2412 | D:3      | Killed Jessica
  2572 | D:3      | Found a blossoming altar of Fedhas.
  2578 | D:3      | Reached XP level 5. HP: 41/41 MP: 5/5
  2820 | D:3      | Gained mutation: Your muscles are strong. (Str +2) [potion of mutation]
  2820 | D:3      | Gained mutation: You occasionally shout uncontrollably at your foes. [potion of mutation]
  2820 | D:3      | Gained mutation: You are somewhat resistant to further mutation. [potion of mutation]
  2863 | D:4      | Reached skill level 5 in Throwing
  3284 | D:4      | Noticed Menkaure
  3301 | D:4      | Mangled by Menkaure

Action                   |  1- 3 |  4- 6 || total
-------------------------+-------+-------++-------
Melee: Short sword       |    99 |    35 ||   134
Throw: Javelin           |    71 |    36 ||   107
       Stone             |     7 |     5 ||    12
       Tomahawk          |       |    10 ||    10
  Use: Scroll            |     4 |     3 ||     7
       Potion            |     3 |     2 ||     5
 Stab: Sleeping          |     3 |       ||     3
  Eat: Chunk             |     5 |     3 ||     8

Vault maps used:
D:1:      dpeg_arrival_tiny_h, minivault_14, feat_on_display
D:2:      old_standard_altar, glass_columns_b, grunt_decor_cap,
          nicolae_ashenzari_panopticon
D:3:      fedhas_altar_fruit_tree, uniq_iyjb, uniq_jessica
D:4:      first_bread, uniq_duvessa, uniq_menkaure
